 Dungeon Crawl Stone Soup version 0.28.0 (webtiles) character file.

Game seed: 1661834057390330427

18 Karn the Skirmisher (level 2, -1/24 HPs)
             Began as a Demonspawn Fighter on Feb 6, 2022.
             Was a Follower of Fedhas.
             Slain by a goblin (2 damage)
             ... led by Robin
             ... on level 3 of the Dungeon.
             The game lasted 00:01:17 (857 turns).

Karn the Skirmisher (Demonspawn Fighter)             Turns: 857, Time: 00:01:18

Health: -1/24      AC:  6    Str: 16    XL:     2   Next: 48%
Magic:  2/2        EV:  9    Int:  9    God:    Fedhas [*.....]
Gold:   44         SH:  4    Dex: 12    Spells: 1/1 levels left

rFire   . . .      SeeInvis .   a - +0 long sword
rCold   . . .      Faith    .   c - +0 buckler
rNeg    . . .      Spirit   .   b - +0 scale mail
rPois   .          Reflect  .   (no helmet)
rElec   .          Harm     .   (no cloak)
rCorr   .          Rampage  .   (no gloves)
Will    .....                   (no boots)
Stlth   ..........              (no amulet)
HPRegen 0.08/turn               (no ring)
MPRegen 0.08/turn               (no ring)

@: no status effects
A: demonic guardian 1
a: Renounce Religion


You were on level 3 of the Dungeon.
You worshipped Fedhas.
Fedhas was aware of your devotion.
You visited 1 branch of the dungeon, and saw 3 of its levels.

You collected 44 gold pieces.

Inventory:

Hand Weapons
 a - a +0 long sword (weapon)
Armour
 b - a +0 scale mail (worn)
 c - a +0 buckler (worn)
Potions
 d - a potion of might


   Skills:
 + Level 3.1 Fighting
 + Level 2.0 Long Blades
 + Level 3.0 Armour
 + Level 0.3 Dodging
 + Level 2.9 Shields


You had one spell level left.
You didn't know any spells.
Your spell library was empty.

Dungeon Overview and Level Annotations

Branches:
Dungeon (2/15)

Altars:
Fedhas

Annotations:
D:3 Robin


Innate Abilities, Weirdness & Mutations

A weak demonic guardian rushes to your aid.


Message History

You hear a shout! x2 2 goblins come into view.
A goblin is wielding a +1 dagger of venom.
The goblin shouts! x2; You hear a shout!
The goblin moves out of view.
The goblin hits you but does no damage. The goblin barely misses you. x3
Robin throws the goblin at you! The goblin barely misses you.
The goblin hits you but does no damage. The goblin hits you with a +0 dagger.
A demonic guardian appears!
The rat bites you.
Robin says, "A pitiful Demonspawn like you will never find the ORB!"
Robin throws the goblin at you! The goblin completely misses you.
The goblin hits you but does no damage. x2
The goblin hits you with a +0 dagger.
Your quasit bites the goblin.
Your quasit barely misses the goblin.
Your quasit completely misses the goblin.
The goblin barely misses you. You block the goblin's attack.
The rat barely misses you.
Unknown command.
The goblin barely misses you. The goblin hits you but does no damage.
A goblin comes into view. It is wielding a +0 dagger.
Your quasit misses the goblin.
Your quasit claws the goblin. x2
The goblin hits you with a +2 dagger of speed.
The goblin barely misses you. The goblin hits you with a +0 dagger.
* * * LOW HITPOINT WARNING * * *
The rat bites you but does no damage. Robin hits you but does no damage.
The goblin barely misses your quasit.
Your quasit barely misses the goblin.
Your quasit claws the goblin.
The goblin dies!
Fedhas appreciates your contribution to the ecosystem.
The goblin closely misses you. You block the goblin's attack.
The goblin hits you with a +0 dagger.
* * * LOW HITPOINT WARNING * * *
You block the goblin's attack. The goblin hits you with a +0 dagger.
* * * LOW HITPOINT WARNING * * *
The rat bites you.
* * * LOW HITPOINT WARNING * * *
Robin barely misses you. You block the goblin's attack.
The goblin hits you with a +2 dagger of speed.
You die...
Fedhas appreciates your contribution to the ecosystem.

##############.#
#............#.#
#............#.#
#............#.#
###............#.#
...............#.# ###
##.####+###.####.###....
..?............gggrg....
##......###.###r@gggg...
####### #.# #5####g...
#.# #.# .. ..# #.# ###
#.# ... ... ..


You could see Robin, a quokka, a hobgoblin (strong), 7 goblins, a rat (ally
target) and a friendly quasit (summoned).

Vanquished Creatures
  An endoplasm (D:1)
  A goblin (D:1)
  2 hobgoblins (D:1)
  A kobold (D:1)
  A quokka (D:1)
  A frilled lizard (D:1)
  3 rats (D:1)
10 creatures vanquished.

Vanquished Creatures (collateral kills)
  A dart slug (D:2)
  2 goblins
  2 rats
5 creatures vanquished.

Grand Total: 15 creatures vanquished

Notes
Turn   | Place    | Note
-------+----------+-------------------------------------------
     0 | D:1      | Karn the Demonspawn Fighter began the quest for the Orb.
     0 | D:1      | Reached XP level 1. HP: 18/18 MP: 1/1
   183 | D:1      | Gained mutation: A weak demonic guardian rushes to your
                  | aid. [demonic ancestry]
   183 | D:1      | Reached XP level 2. HP: 8/24 MP: 2/2
   431 | D:1      | Found a faded altar of an unknown god.
   450 | D:1      | Prayed at the altar of an unknown god.
   450 | D:1      | Became a worshipper of Fedhas Madash
   450 | D:1      | Reached * piety under Fedhas
   836 | D:2      | You fall into a shaft and drop 1 floor!
   849 | D:3      | Noticed Robin
   856 | D:3      | HP: 1/24 [rat (1)]
   857 | D:3      | Slain by a goblin

Illustrated notes

Levels and vault maps discovered:
D:1:      minmay_arrival_loop, layout_basic,
          shapermc_ecumenical_altar_starsandcircs, st_stairs_7
D:2:      layout_rooms, minmay_vboxes
D:3:      layout_basic, trog_three_pillars_becter, st_stairs_14,
          lightli_corner_chamber, uniq_robin

Skill      XL: |  1  2 |
---------------+-------+-----
Long Blades    | 2 |  2.0
Armour         | 3 |  3.0
Fighting       | |  3.1
Dodging        | |  0.3
Shields        | |  2.9

Action                   || total
-------------------------++-------
Melee: Long sword        ||    32
Armor: Scale mail        ||    51
Dodge: Dodged            ||    57
Block: Buckler           ||    26
